[Event "Titled Tuesday Blitz August 08 Early 2023"]
[White "Bilan, Danila"]
[Black "Devaev, Alexander"]
[WhiteFideId "24161918"]
[BlackFideId "4169395"]
[WhiteElo "2605"]
[BlackElo "2453"]
[Result "0-1"]
[Round "6"]
[TimeControl "180+1"]
[Date "2023.08.08"]
[WhiteClock "0:00:00"]
[BlackClock "0:01:01"]
[Board "102"]

1. d4 Nf6 2. Nf3 e6 3. g3 c5 4. Bg2 Nc6 5. O-O Be7 6. c4 cxd4 7. Nxd4 O-O 8. Nc3 Ne5 9. b3 d6 10. Bb2 a6 11. Rc1 Qc7 12. Qd2 Rb8 13. h3 Re8 14. Kh2 Bf8 15. e4 b6 16. f4 Ng6 17. g4 h6 18. Nce2 Bb7 19. Ng3 Nd7 20. f5 Nge5 21. g5 hxg5 22. Qxg5 Qd8 23. Qxd8 Rbxd8 24. Rcd1 Nc5 25. Bc3 Rc8 26. f6 g6 27. h4 Ncd7 28. Bh3 b5 29. h5 g5 30. Nf3 Nxf3+ 31. Rxf3 bxc4 32. b4 Ne5 33. Rff1 Red8 34. a3 Bh6 35. Rf2 Bc6 36. Rg1 Kh7 37. Bg2 Ng4+ 0-1


[Site "https://www.chess.com"]

[Event "Titled Tuesday Blitz August 08 Early 2023"]
[White "Jumanov, Elbek"]
[Black "Liyanage, Ranindu Dilshan"]
[WhiteFideId "14202905"]
[BlackFideId "9915834"]
[WhiteElo "2431"]
[BlackElo "2601"]
[Result "1-0"]
[Round "6"]
[TimeControl "180+1"]
[Date "2023.08.08"]
[WhiteClock "0:00:14"]
[BlackClock "0:00:00"]
[Board "103"]

1. c4 e6 2. Nf3 d5 3. d4 Nf6 4. g3 Bb4+ 5. Bd2 a5 6. Bg2 O-O 7. O-O dxc4 8. Qc2 Bxd2 9. Nbxd2 b5 10. a4 c6 11. e3 Nbd7 12. Ng5 Ra6 13. Rfc1 h6 14. Nge4 Nd5 15. Nc3 Nb4 16. Qd1 Nd3 17. Rcb1 b4 18. Nce4 Nb6 19. b3 c3 20. Nf3 Nb2 21. Qc2 Nd7 22. Nxc3 bxc3 23. Qxc3 Nxa4 24. bxa4 Rb6 25. Nd2 Rxb1+ 26. Rxb1 c5 27. dxc5 Nxc5 28. Qxc5 Qxd2 29. Rb8 g6 30. Rxc8 1-0


[Site "https://www.chess.com"]

[Event "Titled Tuesday Blitz August 08 Early 2023"]
[White "Legenia, Artem"]
[Black "Andreev, Konstantin"]
[WhiteFideId "14136945"]
[BlackFideId "24239305"]
[WhiteElo "2403"]
[BlackElo "2600"]
[Result "1/2-1/2"]
[Round "6"]
[TimeControl "180+1"]
[Date "2023.08.08"]
[WhiteClock "0:01:05"]
[BlackClock "0:00:21"]
[Board "104"]

1. d4 Nf6 2. Nf3 d5 3. Bf4 c5 4. e3 Qb6 5. Qc1 Nc6 6. c3 Bf5 7. Nbd2 e6 8. Be2 Be7 9. Nh4 Be4 10. f3 Bg6 11. Nxg6 hxg6 12. Bg3 cxd4 13. exd4 Rc8 14. Qb1 e5 15. dxe5 Nh5 16. Bf2 Bc5 17. Bxc5 Qxc5 18. Nb3 Qb6 19. Qc1 Ng3 20. Rf1 Nxf1 21. Bxf1 Rxh2 22. e6 Rh1 23. Qf4 f6 24. O-O-O d4 25. Qg4 Ne5 26. Qxd4 Qxd4 27. Nxd4 Ke7 28. Kc2 Nc6 29. Nxc6+ Rxc6 30. Bd3 Rxd1 31. Kxd1 Rd6 32. Kc2 Rxe6 33. Be4 b6 34. Kd3 Kd6 35. Bxg6 Re1 36. Be4 Ke5 37. g4 Rf1 38. a4 Kf4 39. b4 Ra1 40. Bc6 g6 41. Kc4 Ke5 42. Kb5 Kd6 43. Be4 g5 44. a5 Kc7 45. axb6+ axb6 46. c4 Rc1 47. c5 bxc5 48. bxc5 Kd7 49. Bf5+ Kc7 50. Be4 Rc3 51. Kb4 Re3 52. Kb5 Re1 53. Kb4 Ra1 54. Kb5 Rh1 55. Kb4 Rh8 56. Kb5 Rb8+ 57. Kc4 Kd7 58. Bf5+ Kc6 59. Be4+ Kd7 60. Bf5+ Kc7 61. Be4 Rd8 62. Kc3 Rb8 63. Kc4 1/2-1/2


[Site "https://www.chess.com"]

[Event "Titled Tuesday Blitz August 08 Early 2023"]
[White "Zavgorodniy, Sergiy"]
[Black "Wong, Zhenyong Jayden"]
[WhiteFideId "14110148"]
[BlackFideId "5821975"]
[WhiteElo "2600"]
[BlackElo "2379"]
[Result "0-1"]
[Round "6"]
[TimeControl "180+1"]
[Date "2023.08.08"]
[WhiteClock "0:00:00"]
[BlackClock "0:00:09"]
[Board "105"]

1. e4 g6 2. d4 Bg7 3. Nf3 d6 4. h3 Nf6 5. Nc3 O-O 6. Be2 a6 7. a4 b6 8. O-O Bb7 9. Bd3 c5 10. d5 Re8 11. Re1 Nbd7 12. Bf4 Nh5 13. Bh2 Qc7 14. Bc4 Ne5 15. Nd2 Nxc4 16. Nxc4 Bd4 17. Qd3 Nf6 18. e5 dxe5 19. Bxe5 Bxe5 20. Rxe5 Rad8 21. Rae1 e6 22. d6 Qc6 23. f3 Ba8 24. Qe3 Nd7 25. Ne4 b5 26. axb5 axb5 27. Rxc5 Nxc5 28. Nf6+ Kg7 29. Nxe8+ Rxe8 30. Qe5+ f6 31. Na5 fxe5 0-1


[Site "https://www.chess.com"]

[Event "Titled Tuesday Blitz August 08 Early 2023"]
[White "Ziatdinov, Raset"]
[Black "Heinemann, Josefine"]
[WhiteFideId "2015323"]
[BlackFideId "12900460"]
[WhiteElo "2340"]
[BlackElo "2598"]
[Result "0-1"]
[Round "6"]
[TimeControl "180+1"]
[Date "2023.08.08"]
[WhiteClock "0:00:11"]
[BlackClock "0:00:59"]
[Board "106"]

1. e4 c5 2. Nf3 d6 3. d4 cxd4 4. Nxd4 Nf6 5. Nc3 a6 6. f3 e5 7. Nb3 Be6 8. Be3 h5 9. Qd2 Nbd7 10. O-O-O Be7 11. Be2 Rc8 12. Nd5 Bxd5 13. exd5 Nb6 14. Qa5 Nc4 15. Qxd8+ Bxd8 16. Bf2 Bb6 17. Bxb6 Nxb6 18. Na5 Rc7 19. Kb1 Nbxd5 20. c4 Nf4 21. Bf1 Ke7 22. g3 Ne6 23. Bh3 Nd4 24. f4 b6 25. fxe5 dxe5 26. Nb3 Nxb3 27. axb3 Rd8 28. Rhe1 Rxd1+ 29. Rxd1 Ne8 30. Kc2 g6 31. Kc3 f5 32. Bg2 e4 33. h3 Nf6 34. b4 Rd7 35. Rxd7+ Nxd7 36. Kd4 Kd6 37. g4 a5 38. bxa5 bxa5 39. gxh5 gxh5 40. h4 Nc5 41. Bh3 Ne6+ 42. Kc3 Ke5 43. b4 axb4+ 44. Kxb4 f4 45. c5 e3 46. Bf1 f3 47. Kc3 e2 48. Bxe2 fxe2 49. Kd2 Nf4 50. c6 Kd6 0-1


[Site "https://www.chess.com"]

[Event "Titled Tuesday Blitz August 08 Early 2023"]
[White "Cagara, Paulina"]
[Black "Budrewicz, Krzysztof"]
[WhiteFideId "1124870"]
[BlackFideId "1127950"]
[WhiteElo "2279"]
[BlackElo "2595"]
[Result "0-1"]
[Round "6"]
[TimeControl "180+1"]
[Date "2023.08.08"]
[WhiteClock "0:00:03"]
[BlackClock "0:00:25"]
[Board "107"]

1. e4 e5 2. Nf3 Nc6 3. c3 d5 4. Qa4 f6 5. d3 Ne7 6. Be3 Be6 7. Nbd2 Qd7 8. Be2 g6 9. O-O Bg7 10. d4 O-O 11. dxe5 Nxe5 12. Qxd7 Bxd7 13. exd5 Nxd5 14. Nxe5 fxe5 15. Bc5 Rfe8 16. Bc4 Be6 17. Ne4 b6 18. Be3 h6 19. Bd2 Rad8 20. Rae1 Kh7 21. Bb5 Re7 22. c4 Nf4 23. Bb4 c5 24. Bc3 Bf5 25. Ng3 Bd3 26. Rd1 e4 27. Bxg7 Kxg7 28. Rfe1 Rd4 29. Bc6 Rxc4 30. Bb5 Rd4 31. Bxd3 Nxd3 32. Re2 c4 33. h4 Kf6 34. h5 g5 35. f3 e3 36. b3 b5 37. Ne4+ Rexe4 38. fxe4 Nf4 39. Rf1 Ke5 40. Rxe3 Rd2 41. bxc4 bxc4 42. Ra3 Rxg2+ 43. Kh1 Re2 44. Ra5+ Kxe4 45. Rxa7 Nxh5 46. Re7+ Kd3 47. Rd1+ Kc2 48. Rxe2+ Kxd1 49. Rg2 Nf4 50. Rb2 c3 51. Rb7 c2 52. Rd7+ Ke2 53. Rc7 Kd2 54. a4 c1=Q+ 55. Rxc1 Kxc1 56. a5 Nd5 57. a6 Nb6 58. a7 g4 59. Kg2 h5 60. Kg3 Kd2 61. Kf4 Ke2 62. Ke4 g3 63. Kd4 g2 64. Kc5 g1=Q+ 65. Kc6 Na8 66. Kb7 Qxa7+ 67. Kxa7 h4 0-1


[Site "https://www.chess.com"]

[Event "Titled Tuesday Blitz August 08 Early 2023"]
[White "only_strong_moves"]
[Black "Fominykh, Maria"]
[BlackFideId "4142411"]
[WhiteElo "2593"]
[BlackElo "2256"]
[Result "0-1"]
[Round "6"]
[TimeControl "180+1"]
[Date "2023.08.08"]
[WhiteClock "0:00:24"]
[BlackClock "0:00:17"]
[Board "108"]

1. d4 Nf6 2. Nc3 g6 3. Bf4 d6 4. e3 Bg7 5. h4 b6 6. Bb5+ c6 7. Bd3 Nbd7 8. Nge2 e5 9. Bh2 Bb7 10. dxe5 dxe5 11. Bc4 b5 12. Bb3 Qe7 13. O-O O-O 14. Ng3 Nc5 15. h5 a5 16. a4 b4 17. Nce2 Nxb3 18. cxb3 c5 19. Qc2 Ng4 20. Rac1 Qh4 21. Rfd1 Qxh2+ 22. Kf1 Qxg2+ 23. Ke1 Qxf2+ 24. Kd2 Qxe3+ 25. Ke1 Qf2+ 26. Kd2 Rad8+ 27. Qd3 Rxd3+ 28. Kxd3 Bf3 29. Kc4 Bxe2+ 30. Nxe2 Ne3+ 31. Kb5 Nxd1 32. Rxc5 Qxe2+ 33. Kxa5 Ra8+ 34. Kxb4 Bf8 35. hxg6 Bxc5+ 36. Kxc5 hxg6 37. Kb4 Qxb2 38. a5 Qd4+ 39. Ka3 Rxa5# 0-1


[Site "https://www.chess.com"]

[Event "Titled Tuesday Blitz August 08 Early 2023"]
[White "Toropov, Pavel"]
[Black "LionKing2367890"]
[WhiteFideId "24129178"]
[WhiteElo "2583"]
[BlackElo "2228"]
[Result "1-0"]
[Round "6"]
[TimeControl "180+1"]
[Date "2023.08.08"]
[WhiteClock "0:01:11"]
[BlackClock "0:02:28"]
[Board "109"]

1. e4 e5 2. Nf3 Nc6 3. d4 exd4 4. Nxd4 Nf6 5. Nc3 Bb4 6. Nxc6 bxc6 7. Bd3 d5 8. exd5 cxd5 9. O-O O-O 10. Bg5 Be7 11. h3 c6 12. Re1 h6 13. Bf4 Bd6 14. Qf3 Qc7 15. Bxh6 gxh6 16. Qxf6 Bf4 17. Re7 Qd6 18. Bh7+ 1-0


[Site "https://www.chess.com"]

[Event "Titled Tuesday Blitz August 08 Early 2023"]
[White "Feliz Dotel, Dewar Bienvenido"]
[Black "Czerw, Dawid"]
[WhiteFideId "6402801"]
[BlackFideId "1145746"]
[WhiteElo "2181"]
[BlackElo "2582"]
[Result "1-0"]
[Round "6"]
[TimeControl "180+1"]
[Date "2023.08.08"]
[WhiteClock "0:00:43"]
[BlackClock "0:00:00"]
[Board "110"]

1. d4 d5 2. e3 Nf6 3. Nf3 Bg4 4. h3 Bh5 5. g4 Bg6 6. Ne5 e6 7. h4 h5 8. Nxg6 fxg6 9. Bd3 Kf7 10. g5 Ng8 11. Qf3+ Ke7 12. Bxg6 Kd7 13. c4 c6 14. cxd5 cxd5 15. Nc3 Nc6 16. Bd2 Nge7 17. Bd3 g6 18. Na4 b6 19. Rc1 a6 20. O-O Nf5 21. Bxf5 gxf5 22. Rc2 Bd6 23. Rfc1 Ne7 24. a3 Qb8 25. Bb4 Ra7 26. Bxd6 Qxd6 27. Qg3 Rb7 28. Qxd6+ Kxd6 29. b4 Rhb8 30. Kh2 Ra8 31. Kg3 Rab8 32. Nb2 Ra8 33. Nd3 Ng6 34. Rc6+ Kd7 35. Ne5+ Nxe5 36. dxe5 Ke7 37. Rd6 Rd8 38. Rxd8 Kxd8 39. Rc6 Kd7 40. Rd6+ Ke7 41. Kf3 a5 42. g6 axb4 43. axb4 b5 44. Kf4 1-0


[Site "https://www.chess.com"]

[Event "Titled Tuesday Blitz August 08 Early 2023"]
[White "Nemec, Jachym"]
[Black "Narayanan, Srinath"]
[WhiteFideId "23716525"]
[BlackFideId "5018420"]
[WhiteElo "2511"]
[BlackElo "2856"]
[Result "0-1"]
[Round "6"]
[TimeControl "180+1"]
[Date "2023.08.08"]
[WhiteClock "0:00:54"]
[BlackClock "0:01:26"]
[Board "111"]

1. Nf3 d5 2. d4 Nf6 3. c4 e6 4. Nc3 dxc4 5. e4 Bb4 6. Bxc4 Nxe4 7. O-O Bxc3 8. bxc3 O-O 9. Bd3 Nd6 10. Bg5 f6 11. Bf4 Nc6 12. Qc2 f5 13. Rfe1 Ne7 14. c4 Ng6 15. Bg5 Qe8 16. c5 Ne4 17. Bxe4 fxe4 18. Rxe4 Bd7 19. d5 Qf7 20. d6 cxd6 21. cxd6 Bc6 22. Re3 h6 23. Bh4 Rac8 24. Qe2 Nxh4 25. Nxh4 Qf6 26. Re1 Qxh4 27. Rxe6 Qg5 28. f3 Bxf3 29. Qb2 Bc6 30. R6e5 Qf6 31. Qa3 Qf2+ 0-1


[Site "https://www.chess.com"]

[Event "Titled Tuesday Blitz August 08 Early 2023"]
[White "Glavina, Pablo"]
[Black "Javakhadze, Zurab"]
[WhiteFideId "100234"]
[BlackFideId "13603647"]
[WhiteElo "2510"]
[BlackElo "2793"]
[Result "0-1"]
[Round "6"]
[TimeControl "180+1"]
[Date "2023.08.08"]
[WhiteClock "0:02:13"]
[BlackClock "0:00:49"]
[Board "112"]

1. c4 e5 2. Nc3 Nf6 3. Nf3 Nc6 4. g3 Bc5 5. Nxe5 Nxe5 6. d4 Qe7 7. dxe5 Ng4 8. e3 Nxe5 9. Bg2 Nxc4 10. O-O c6 11. e4 O-O 12. Qb3 Ne5 13. Bf4 d6 14. Rad1 Bg4 15. Rd2 Ng6 16. h3 Be6 17. Qc2 Nxf4 18. gxf4 f5 19. Re1 Qh4 20. exf5 Bxf5 21. Qb3+ Kh8 22. Qxb7 Bxh3 23. Qxc6 Qxf4 24. Rde2 Bxf2+ 25. Kh1 Bxg2+ 26. Qxg2 0-1


[Site "https://www.chess.com"]

[Event "Titled Tuesday Blitz August 08 Early 2023"]
[White "Kosteniuk, Alexandra"]
[Black "NicolaiMaxime"]
[WhiteFideId "4128125"]
[WhiteElo "2759"]
[BlackElo "2495"]
[Result "0-1"]
[Round "6"]
[TimeControl "180+1"]
[Date "2023.08.08"]
[WhiteClock "0:00:04"]
[BlackClock "0:00:10"]
[Board "113"]

1. d4 Nf6 2. c4 e6 3. Nc3 Bb4 4. e3 O-O 5. Bd2 c5 6. Bd3 Nc6 7. Nge2 cxd4 8. exd4 d5 9. a3 Bxc3 10. Bxc3 dxc4 11. Bxc4 Nd5 12. O-O Nce7 13. Bd3 Bd7 14. Bd2 Ng6 15. f4 Bc6 16. Qe1 Nf6 17. Bc3 Qd5 18. Qf2 Nh4 19. Qg3 Nxg2 20. Kf2 h5 21. Rg1 Ng4+ 22. Kf1 N4e3+ 23. Kf2 e5 24. Bb1 exf4 25. Nxf4 h4 26. Qxe3 Nxe3 27. Nxd5 Nxd5 28. Bd2 Rae8 29. Bd3 f6 30. Rae1 g5 31. Bc4 Kg7 32. Bd3 a6 33. Be4 Ne7 34. Bxc6 Nxc6 35. d5 Ne5 36. Re3 Rd8 37. Bb4 Rfe8 38. d6 a5 39. Bc5 b6 40. Bxb6 Rxd6 41. Bxa5 Nd3+ 42. Kf3 Ne5+ 43. Kf2 Rb8 44. Bc3 Nd3+ 45. Kf3 Nxb2 46. Rb1 Rdb6 47. Bd4 Rb3 48. Rxb2 Rxb2 49. Bxb2 Rxb2 50. a4 Ra2 51. Re4 f5 52. Rb4 Kg6 53. Rb6+ Kh5 54. Rb5 Rxh2 55. Rxf5 Ra2 56. a5 Ra3+ 57. Kg2 Kg4 58. Rb5 h3+ 59. Kh2 Ra2+ 60. Kg1 Kh4 61. Kh1 g4 62. Kg1 Kg3 63. Rb3+ Kh4 64. Rb5 g3 65. Rb4+ Kg5 66. Rb1 Rxa5 67. Rc1 Ra4 68. Rb1 Kg4 69. Rc1 h2+ 70. Kg2 Ra2+ 71. Kh1 Kh3 72. Rb1 g2# 0-1


[Site "https://www.chess.com"]

[Event "Titled Tuesday Blitz August 08 Early 2023"]
[White "Jovic, Stanoje"]
[Black "Gan-Od, Sereenen"]
[WhiteFideId "905020"]
[BlackFideId "4901304"]
[WhiteElo "2493"]
[BlackElo "2758"]
[Result "0-1"]
[Round "6"]
[TimeControl "180+1"]
[Date "2023.08.08"]
[WhiteClock "0:00:00"]
[BlackClock "0:02:03"]
[Board "114"]

1. c4 Nf6 2. g3 g6 3. Bg2 Bg7 4. Nc3 O-O 5. Nf3 c5 6. O-O d6 7. d4 Nc6 8. dxc5 dxc5 9. Bf4 Be6 10. Qa4 Qa5 11. Nd2 Qxa4 12. Nxa4 Nd7 13. Rac1 Rfd8 14. Nb3 Rac8 15. Nbxc5 Nxc5 16. Nxc5 Bg4 17. Nxb7 Rd7 18. Nc5 Rdd8 19. Bf3 Bxf3 20. exf3 Nd4 21. Nb7 Rd7 22. Na5 Ne2+ 23. Kg2 Nxc1 24. Rxc1 Bxb2 25. Rc2 Ba3 26. Nb3 Bc5 27. Nxc5 Rxc5 28. Be3 Rc6 29. c5 f6 30. f4 Kf7 31. Rb2 Ra6 32. Kf3 f5 33. Rc2 Rc7 34. Rb2 Ra3 35. Ke2 Ke6 36. Rd2 Rc6 37. Kd1 Rca6 38. Re2 Rxa2 39. Bd2+ Kd7 40. Re3 Rc6 0-1


[Site "https://www.chess.com"]

[Event "Titled Tuesday Blitz August 08 Early 2023"]
[White "Vovk, Orest"]
[Black "Srihari L R"]
[WhiteFideId "14113490"]
[BlackFideId "46617116"]
[WhiteElo "2483"]
[BlackElo "2758"]
[Result "1/2-1/2"]
[Round "6"]
[TimeControl "180+1"]
[Date "2023.08.08"]
[WhiteClock "0:00:06"]
[BlackClock "0:00:04"]
[Board "115"]

1. h4 c5 2. h5 Nc6 3. Nf3 d5 4. e4 dxe4 5. Ng5 Nf6 6. Bc4 Ne5 7. Bb5+ Bd7 8. Qe2 Bxb5 9. Qxb5+ Qd7 10. Qxd7+ Kxd7 11. Nc3 h6 12. Ngxe4 Nxe4 13. Nxe4 e6 14. d3 Be7 15. Bf4 Nc6 16. O-O-O b6 17. Be3 f5 18. Nc3 Rhf8 19. d4 f4 20. dxc5+ Kc7 21. cxb6+ axb6 22. Nb5+ Kc8 23. Bxb6 Rxa2 24. Kb1 Ra6 25. Bd4 e5 26. Bc3 Rb6 27. Nd6+ Kc7 28. Nc4 Rb5 29. Rhe1 Bf6 30. Nd6 Rb6 31. Ne4 Ra8 32. b3 Rb5 33. Rd3 Rd8 34. Red1 Rxd3 35. Rxd3 Rb8 36. g3 fxg3 37. fxg3 Rf8 38. Rd5 Re8 39. Ba5+ Nxa5 40. Rxa5 Rd8 41. Ra6 Rd1+ 42. Kb2 Be7 43. Rg6 Bf8 44. Re6 Re1 45. Rxe5 g6 46. c3 gxh5 47. Re6 Re2+ 48. Kc1 Ba3+ 49. Kd1 Rb2 50. Rxh6 Rxb3 51. Rh7+ Kd8 52. Kc2 Rb2+ 53. Kd3 Rb5 54. Rh8+ Ke7 55. Rh7+ Kf8 56. Kc4 Re5 57. Kd4 Ra5 58. Rb7 Be7 59. c4 Ra1 60. c5 Rd1+ 61. Ke5 Re1 62. Kf5 Rf1+ 63. Ke6 Re1 64. Kd5 Bxc5 65. Nxc5 Rh1 66. Rb4 Kg7 67. Ne4 h4 68. Rb7+ Kg6 69. gxh4 Rxh4 70. Rb6+ Kg7 71. Rc6 Rh1 72. Ke5 Rd1 73. Kf4 Rf1+ 74. Kg4 Rg1+ 75. Ng3 Ra1 76. Kg5 Kf7 77. Nf5 Rg1+ 78. Kf4 Rf1+ 79. Ke4 Re1+ 80. Ne3 Kg7 81. Ra6 Rh1 82. Kf4 Re1 83. Ng4 Kf7 84. Ne5+ Ke7 85. Ra7+ Ke6 86. Ra6+ Kd5 87. Nf3 Re8 88. Ra7 Kc4 89. Kf5 Rf8+ 90. Ke4 Kc5 91. Ne5 Rh8 92. Rc7+ Kd6 93. Rc1 Rh4+ 94. Kf5 Rh5+ 95. Kf6 Rxe5 96. Rd1+ Rd5 97. Rxd5+ Kxd5 1/2-1/2


[Site "https://www.chess.com"]

[Event "Titled Tuesday Blitz August 08 Early 2023"]
[White "Khamdamova, Afruza"]
[Black "jumpingknight20"]
[WhiteFideId "14210444"]
[WhiteElo "2481"]
[BlackElo "2682"]
[Result "0-1"]
[Round "6"]
[TimeControl "180+1"]
[Date "2023.08.08"]
[WhiteClock "0:00:20"]
[BlackClock "0:00:10"]
[Board "116"]

1. e4 c5 2. Nf3 d6 3. d4 cxd4 4. Nxd4 Nf6 5. Nc3 a6 6. Be3 e5 7. Nb3 Be7 8. f3 Be6 9. Qd2 h5 10. O-O-O Nbd7 11. Nd5 Nxd5 12. exd5 Bf5 13. Bd3 Bxd3 14. Qxd3 Bg5 15. Kb1 Bxe3 16. Qxe3 O-O 17. h4 a5 18. a4 Nb6 19. g4 hxg4 20. Rdg1 f5 21. fxg4 f4 22. Qe4 Qd7 23. h5 Qxa4 24. Qg6 Qe8 25. Qxd6 Rf6 26. Qc5 a4 27. Nd2 Rc8 28. Qa3 f3 29. g5 Rf4 30. g6 f2 31. Rf1 Qb5 32. h6 Qc5 33. Qd3 Qxd5 34. Qh3 Qd7 35. Qh5 a3 36. Qxe5 Rb4 37. Nb3 Nc4 38. Qh5 Nd2+ 39. Nxd2 Rxb2+ 40. Ka1 Qxd2 41. hxg7 Ra2+ 42. Kxa2 Qxc2+ 43. Kxa3 Rc3+ 44. Kb4 Rb3+ 45. Ka5 Qa2# 0-1


[Site "https://www.chess.com"]

[Event "Titled Tuesday Blitz August 08 Early 2023"]
[White "Shuvalov, Evgenij"]
[Black "Goroshkov, Maksym"]
[WhiteFideId "4187237"]
[BlackFideId "14142716"]
[WhiteElo "2479"]
[BlackElo "2650"]
[Result "0-1"]
[Round "6"]
[TimeControl "180+1"]
[Date "2023.08.08"]
[WhiteClock "0:00:32"]
[BlackClock "0:00:33"]
[Board "117"]

1. d4 Nf6 2. c4 d6 3. Nf3 g6 4. Nc3 Bg7 5. e4 O-O 6. Be2 c5 7. O-O cxd4 8. Nxd4 Nc6 9. Be3 Bd7 10. f3 a6 11. Qd2 Rc8 12. Rfc1 Ne5 13. b3 Nc6 14. Rab1 Nh5 15. Bf1 Nxd4 16. Bxd4 Bxd4+ 17. Qxd4 Nf4 18. Qe3 e5 19. Rd1 Qe7 20. Rd2 Bc6 21. Rbd1 Ne6 22. Ne2 Rfd8 23. g3 f5 24. Bh3 Qg5 25. Qb6 Nc5 26. Rxd6 Qe3+ 27. Kf1 Rxd6 28. Rxd6 Qxf3+ 29. Ke1 Qh1+ 30. Bf1 Nxe4 31. Rd8+ Rxd8 32. Qxd8+ Kf7 33. Qc7+ Ke6 34. Qc8+ Bd7 35. Qxb7 Qg1 36. Qxa6+ Kf7 37. c5 Qf2+ 38. Kd1 Qxf1+ 39. Kc2 Nxc5 40. Qc4+ Ne6 41. a4 Qxe2+ 42. Qxe2 Nd4+ 43. Kd2 Nxe2 44. Kxe2 Ke6 45. Kd3 Kd5 46. Ke3 g5 0-1


[Site "https://www.chess.com"]

[Event "Titled Tuesday Blitz August 08 Early 2023"]
[White "slidingknight2775"]
[Black "Zeynalli, Rashad"]
[BlackFideId "13403320"]
[WhiteElo "2467"]
[BlackElo "2649"]
[Result "0-1"]
[Round "6"]
[TimeControl "180+1"]
[Date "2023.08.08"]
[WhiteClock "0:00:07"]
[BlackClock "0:00:10"]
[Board "118"]

1. d4 d5 2. Nf3 Nf6 3. c4 e6 4. g3 Bb4+ 5. Nc3 dxc4 6. Bg2 Nc6 7. O-O O-O 8. Qa4 Bd7 9. Bg5 h6 10. Bxf6 Qxf6 11. a3 Ba5 12. Qxc4 Rfd8 13. Ne4 Qe7 14. Nc5 Rab8 15. Rfd1 Bb6 16. Rac1 Be8 17. b4 a6 18. e3 Qd6 19. Ne4 Qd5 20. Qxd5 Rxd5 21. Ne1 Rdd8 22. Nd3 a5 23. Nec5 axb4 24. axb4 Kf8 25. f4 Rd6 26. Ne4 Rdd8 27. Nec5 Ke7 28. Kf2 f6 29. Nxb7 Rxb7 30. Bxc6 Ra7 31. Bxe8 Rxe8 32. Ra1 Rea8 33. Rxa7 Rxa7 34. Rd2 Ra1 35. Rc2 Rh1 36. Kg2 Rd1 37. Nc5 Rb1 38. Nd3 Rb3 39. Rd2 Kd6 40. Kf3 Kd5 41. h4 h5 42. Nc5 Rxb4 43. Ke2 Rc4 44. Nd3 Ke4 45. Nf2+ Kf5 46. Nd3 Ra4 47. Nf2 Ba5 48. Rc2 Bb6 49. Kf3 Ra3 50. Rd2 e5 51. dxe5 Rxe3+ 52. Kg2 fxe5 53. fxe5 Rxe5 54. Nd3 Rd5 55. Kf3 Ba5 56. Rd1 c5 57. Ke2 c4 58. Rf1+ Kg4 59. Rf4+ Kxg3 60. Rxc4 Bd8 61. Nf2 Re5+ 62. Kf1 Rf5 63. Ke2 Rxf2+ 64. Ke3 Rf3+ 65. Ke2 Rf4 66. Rc3+ Kxh4 67. Rc8 Bf6 68. Rg8 Kg5 69. Ke3 Rg4 70. Rh8 h4 71. Rh7 Rg3+ 72. Kf2 Ra3 73. Kg2 Ra8 74. Kh3 g6 75. Kg2 Rh8 76. Rb7 h3+ 77. Kh1 Rd8 78. Rb5+ Kg4 79. Rb4+ Rd4 80. Rb1 Ra4 81. Rg1+ Kh4 82. Rf1 Ra1 83. Kh2 Be5+ 84. Rf4+ Bxf4# 0-1


[Site "https://www.chess.com"]

[Event "Titled Tuesday Blitz August 08 Early 2023"]
[White "Korkmaz, Necmettin"]
[Black "Freitag, Manfred"]
[WhiteFideId "6303285"]
[BlackFideId "1602004"]
[WhiteElo "2464"]
[BlackElo "2635"]
[Result "0-1"]
[Round "6"]
[TimeControl "180+1"]
[Date "2023.08.08"]
[WhiteClock "0:00:16"]
[BlackClock "0:00:31"]
[Board "119"]

1. e4 c5 2. Nc3 d6 3. f4 g6 4. Nf3 Bg7 5. Bc4 Nc6 6. O-O e6 7. Qe1 Nge7 8. d3 O-O 9. f5 gxf5 10. Qh4 Ng6 11. Qh5 fxe4 12. dxe4 Nce5 13. Be2 Nxf3+ 14. Bxf3 Qh4 15. Qxh4 Nxh4 16. Rd1 Bd4+ 17. Kf1 Bd7 18. Ne2 Be5 19. Bf4 Bb5 20. Bxe5 dxe5 21. Kf2 Nxf3 22. gxf3 Bxe2 23. Kxe2 Rfd8 24. Rg1+ Kf8 25. Rg5 f6 26. Rh5 Rd7 27. Rg1 Rg7 28. Rd1 Ke7 29. Ke3 Rd8 30. Rxd8 Kxd8 31. Rh6 Rf7 32. Rh3 Kc7 33. Rg3 Kd6 34. h4 f5 35. Rg8 b6 36. h5 Ke7 37. f4 Kf6 38. h6 exf4+ 39. Kxf4 e5+ 40. Kf3 f4 41. Kg4 Ke7 42. Ra8 Kd6 43. Kf3 Rf6 44. Rxa7 Rxh6 45. Rb7 Kc6 46. Re7 Rh3+ 47. Kg4 Rg3+ 48. Kh4 Rg2 49. Rxe5 Rxc2 50. Kg4 Rxb2 51. Kxf4 Rxa2 52. Re6+ Kb5 53. Rh6 Ra7 54. e5 c4 55. Kf5 c3 56. Kf6 Kc5 57. e6 b5 58. Rh5+ Kc4 59. Re5 b4 60. e7 Rxe7 61. Rxe7 b3 62. Rc7+ Kd3 63. Rd7+ Kc2 64. Ke5 b2 65. Rb7 b1=Q 66. Rxb1 Kxb1 67. Kd4 c2 0-1


[Site "https://www.chess.com"]

[Event "Titled Tuesday Blitz August 08 Early 2023"]
[White "Baches Garcia, Guillermo"]
[Black "Komov, Roman"]
[WhiteFideId "2209764"]
[BlackFideId "24175714"]
[WhiteElo "2461"]
[BlackElo "2608"]
[Result "0-1"]
[Round "6"]
[TimeControl "180+1"]
[Date "2023.08.08"]
[WhiteClock "0:00:00"]
[BlackClock "0:00:54"]
[Board "120"]

1. Nf3 d5 2. d4 Nf6 3. Bf4 e6 4. e3 h6 5. c3 Nh5 6. Be5 Bd6 7. Nbd2 Nd7 8. Bxd6 cxd6 9. Bd3 O-O 10. Qe2 Nhf6 11. O-O-O a6 12. g4 e5 13. g5 e4 14. gxf6 Nxf6 15. Bc2 Bg4 16. Rhg1 Bh5 17. Rg3 exf3 18. Nxf3 Ne4 19. Rh3 Bg4 20. Rxh6 Bxf3 21. Qxf3 gxh6 22. Rg1+ Kh8 23. Bxe4 Rg8 24. Rxg8+ Qxg8 25. Bxd5 Qg1+ 26. Kc2 Qg6+ 27. Be4 Qg7 28. Bxb7 Rb8 29. Be4 a5 30. Qf5 a4 31. a3 Re8 32. h4 Rf8 33. Kd3 Rb8 34. h5 Kg8 35. f3 Rxb2 36. Qc8+ Qf8 37. Qf5 Qg7 38. Qc8+ Qf8 39. Qf5 Kg7 40. Qg4+ Kh8 41. Qf5 Kg7 42. Qg4+ Kf6 43. Qf5+ Ke7 44. Qa5 Qe8 45. Qa7+ Kf8 46. Qa6 Qb5+ 47. Qxb5 Rxb5 48. Bc6 Rxh5 0-1


[Site "https://www.chess.com"]

[Event "Titled Tuesday Blitz August 08 Early 2023"]
[White "FREDERICKtheMATE"]
[Black "Prokofiev, Valentyn"]
[BlackFideId "14160161"]
[WhiteElo "2450"]
[BlackElo "2592"]
[Result "1/2-1/2"]
[Round "6"]
[TimeControl "180+1"]
[Date "2023.08.08"]
[WhiteClock "0:00:03"]
[BlackClock "0:00:07"]
[Board "121"]

1. Nf3 g6 2. g3 Bg7 3. Bg2 c5 4. O-O Nc6 5. c3 d5 6. d4 Nf6 7. dxc5 O-O 8. Nbd2 Bg4 9. h3 Bxf3 10. Bxf3 e6 11. e4 Ne5 12. exd5 Nxd5 13. Ne4 Qe7 14. Bg2 Rfd8 15. Qa4 Nd7 16. c4 Nc7 17. Be3 Na6 18. c6 Nb6 19. Bxb6 axb6 20. cxb7 Ra7 21. Nc3 Bxc3 22. bxc3 Qc7 23. Rfd1 Rf8 24. Rab1 h5 25. Rd2 h4 26. g4 Rb8 27. Rdb2 Rbxb7 28. Bxb7 Qxb7 29. Qe8+ Kg7 30. Qd8 Qf3 31. Qxh4 Nc5 32. Qg3 Qf6 33. Rxb6 Rxa2 34. Qe3 Ne4 35. Qd4 Nxc3 36. Qxf6+ Kxf6 37. R1b3 Rc2 38. Kg2 g5 39. c5 Nd5 40. Rf3+ Kg6 41. Rb7 Nf4+ 42. Kh2 Rxc5 43. h4 f6 44. h5+ Kh6 45. Ra3 f5 46. Raa7 Nxh5 47. Rh7+ Kg6 48. gxh5+ Kf6 49. Rh6+ Ke5 50. Re7 Kf4 51. Rexe6 g4 52. Kg2 Rc2 53. Rhg6 Rd2 54. h6 g3 55. Rxg3 Rxf2+ 56. Kxf2 1/2-1/2


[Site "https://www.chess.com"]